 Dungeon Crawl Stone Soup version 0.30-a0-737-gf23d94013f (webtiles) character file.

Game seed: 5201958118335565127

71 Newt the Trooper (level 4, -2/37 HPs)
             Began as a Demonspawn Gladiator on Feb 1, 2023.
             Killed by divine providence
             ... invoked by an orc priest
              (7 damage)
             ... on level 2 of the Dungeon.
             The game lasted 00:02:26 (2087 turns).

Newt the Trooper (Demonspawn Gladiator)             Turns: 2087, Time: 00:02:26

Health: -2/37      AC: 11    Str: 16    XL:     4   Next: 5%
Magic:  4/4        EV: 12    Int:  9    God:
Gold:   149        SH:  6    Dex: 15    Spells: 3/3 levels left

rFire   . . .      SeeInvis .    a - +1 rapier
rCold   . . .      Faith    .    (no shield)
rNeg    . . .      Spirit   .    r - +3 leather armour
rPois   .          Reflect  .    c - +0 helmet
rElec   .          Harm     .    (no cloak)
rCorr   .          Rampage  .    (no gloves)
Will    .....                    (no boots)
Stlth   ++                       (no amulet)
HPRegen 0.26/turn                k - +4 ring of protection
MPRegen 0.09/turn                (no ring)

@: no status effects
A: large bone plates 2
a: no special abilities


You were on level 2 of the Dungeon.
You visited 1 branch of the dungeon, and saw 3 of its levels.

You collected 149 gold pieces.

Inventory:

Hand Weapons
 a - a +1 rapier (weapon)
Missiles
 d - a throwing net
 i - 3 boomerangs (quivered)
Armour
 b - a +0 leather armour
 c - a +0 helmet (worn)
 r - a +3 leather armour (worn)
Jewellery
 k - a +4 ring of protection (left hand)
 p - a ring of ice
Scrolls
 n - a scroll of fog
Potions
 f - 2 potions of heal wounds
 h - a potion of haste
 j - a potion of flight {unknown}
 l - a potion of brilliance {unknown}
 m - a potion of degeneration {unknown}
 o - 2 potions of curing
 q - a potion of attraction {unknown}


   Skills:
 - Level 4.0 Fighting
 - Level 2.6 Short Blades
 + Level 1.7 Throwing
 - Level 2.6 Dodging
 - Level 1.5 Stealth


You had 3 spell levels left.
You didn't know any spells.
Your spell library was empty.

Dungeon Overview and Level Annotations

Branches:
Dungeon (3/15)

Altars:


Innate Abilities, Weirdness & Mutations

You are mostly covered in large bone plates. (SH +6)


Message History

Your body is wracked with pain!
* * * LOW HITPOINT WARNING * * *
The orc priest convulses! x2
The orc priest struggles against the net.
The orc priest hits you with a +0 short sword.
* * * LOW HITPOINT WARNING * * *
Really read the scroll of torment?
As you read the scroll of torment, it crumbles to dust.
Your body is wracked with pain!
* * * LOW HITPOINT WARNING * * *
The orc priest convulses! x2
The orc priest struggles against the net.
The orc priest hits you but does no damage.
Unknown command.
You hit the orc priest but do no damage.
The orc priest is severely wounded.
The orc priest struggles against the net.
The orc priest closely misses you.
Unknown command.
Throw: 3 boomerangs
Press: ? - help, Q - select action, (/) - cycle Shift-Dir - straight line, f/p - orc priest
Aim: an orc priest, wielding a +0 flail and wearing a +0 chain mail (severely wounded, entangled in a net, 93% to hit)
You throw a boomerang.
The boomerang hits the orc priest but does no damage.
The orc priest is severely wounded.
The orc priest struggles against the net.
The net rips apart, and the orc priest comes free!
The orc priest barely misses you.
Throw: 2 throwing nets
Press: ? - help, Shift-Dir - straight line, f/p - orc priest
Aim: an orc priest, wielding a +0 flail and wearing a +0 chain mail (severely wounded, 68% to hit)
You throw a throwing net. The throwing net hits the orc priest.
The orc priest is caught in the net!
The orc priest is severely wounded.
The orc priest calls upon Beogh to heal the orc priest.
The orc priest is healed somewhat.
The orc priest struggles against the net.
The orc priest mumbles some strange prayers to Beogh against you.
Beogh smites you!
You die...

#.###.##.#####.#' #.#
#.##.# #...
#####'###.##.# #...
#............# #...
#.<..........#####...
#............+..##...
##............##.##...
#....oo.......##.##...
#....@...........##...
#..............#####..
#..............# #..
#..............# #..
#.####'#.#####.# #####
#..#...#.# #.###....
##.#.###.# #.#......
#.#.....#####.#.#+###
#.#..................


You could see 2 orc priests.

Vanquished Creatures
  2 adders (D:2)
  2 worms (D:2)
  An orc (D:3)
  6 endoplasms
  A giant cockroach (D:2)
  5 goblins
  5 hobgoblins
  4 kobolds
  2 quokkas (D:1)
  2 ball pythons (D:1)
  6 bats
  7 frilled lizards
  4 rats (D:2)
47 creatures vanquished.

Notes
Turn   | Place    | Note
-------+----------+-------------------------------------------
     0 | D:1      | Newt the Demonspawn Gladiator began the quest for the Orb.
     0 | D:1      | Reached XP level 1. HP: 16/16 MP: 1/1
    59 | D:1      | You fall into a shaft and drop 1 floor!
    76 | D:2      | Reached skill level 1 in Stealth
   260 | D:2      | Gained mutation: You are partially covered in large bone
                  | plates. (SH +4) [demonic ancestry]
   260 | D:2      | Reached XP level 2. HP: 22/22 MP: 2/2
   508 | D:1      | Reached skill level 3 in Fighting
   513 | D:1      | Gained mutation: You are mostly covered in large bone
                  | plates. (SH +6) [demonic ancestry]
   513 | D:1      | Reached XP level 3. HP: 29/29 MP: 3/3
  1719 | D:2      | Found a faded altar of an unknown god.
  1788 | D:2      | Reached XP level 4. HP: 37/37 MP: 4/4
  1844 | D:3      | Reached skill level 4 in Fighting
  2087 | D:2      | Killed from afar by an orc priest

Illustrated notes

Levels and vault maps discovered:
D:1:      mrwooster_arrival_statue_3, layout_loops_ring
D:2:      layout_basic, hellmonk_ecumenical_altar_prayer_group
D:3:      layout_loops_ring, serial_shops, nicolae_diamond_shop

Skill      XL: |  1  2  3  4 |
---------------+-------------+-----
Stealth        | 1 |  1.5
Fighting       | 3 4 |  4.0
Short Blades   | |  2.6
Throwing       | |  1.7
Dodging        | |  2.6

Action                     |  1- 3 |  4- 6 || total
---------------------------+-------+-------++-------
  Melee: Rapier            |   147 |    16 ||   163
         Punch             |     3 |       ||     3
  Throw: Throwing net      |     3 |     2 ||     5
         Boomerang         |       |     2 ||     2
         Javelin           |       |     1 ||     1
    Use: Scroll            |     9 |     2 ||    11
         Potion            |     1 |       ||     1
   Stab: Sleeping          |     2 |       ||     2
         Held in net/web   |     1 |       ||     1
 Armour: Leather armour    |    36 |     6 ||    42
  Dodge: Dodged            |    82 |     9 ||    91
  Block: Other             |    30 |     4 ||    34

Table legend: (Time is in decaauts)
 A = Elapsed time spent in this place.
 B = Non-inter-level travel time spent in this place.
 C = Inter-level travel time spent in this place.
 D = Time resting spent in this place.
 E = Time spent auto-exploring this place.
 F = Levels seen in this place.
 G = Mean time per level.
                   A        B        C        D        E       F      G
               +--------+--------+--------+--------+--------+-----+--------+
         Total |   2099 |   2017 |     82 |    416 |   1187 |   3 |  699.7 |
       Dungeon |   2099 |   2017 |     82 |    416 |   1187 |   3 |  699.7 |
               +--------+--------+--------+--------+--------+-----+--------+

Top non-repeatable levels by time:
     D:2: 1382 daAuts
     D:1: 657 daAuts
     D:3: 59 daAuts
